Map: Romanticide LE

Players

MrstealyoG

  • Race: Terran Terran
  • League: Gold

evilPutty - Winner!

  • Race: Zerg Zerg
  • League: Silver

VOD

Have the link to the VOD?

Description

Time

  • Played on: Aug. 26, 2021, 1:32 p.m.
  • Length: 14:08
Show
View Real Time Build Order
Export as new Build Order

MrstealyoG Terran 

Build Orders:  

Get SALT Encoding   

  12  0:00  SCV  
  13  0:16  Supply Depot  
  13  0:18  SCV  
  14  0:31  SCV  
  15  0:39  Barracks  
  15  0:43  SCV  
  15  0:47  Refinery  
  16  0:55  SCV  
  17  1:07  SCV  
  18  1:19  SCV  
  19  1:28  Supply Depot  
  19  1:43  Barracks Reactor  
  19  1:45  SCV  
  20  1:53  Refinery  
  20  1:54  Barracks  
  20  2:04  SCV  
  21  2:09  Command Center  
  21  2:20  Reaper x2  
  23  2:23  SCV  
  24  2:38  SCV  
  24  2:43  Barracks Tech Lab  
  25  2:50  SCV  
  26  2:54  Factory  
  26  3:00  Marine x2  
  26  3:02  Marine  
  29  3:08  SCV  
  30  3:18  Marine  
  31  3:21  SCV  
  30  3:41  Marine  
  30  3:42  Marine x2  
  30  3:45  Factory Tech Lab  
  33  3:59  Marine x2  
  33  4:01  Starport  
  33  4:02  Marine  
  35  4:05  Siege Tank  
  39  4:13  Stimpack  
  39  4:17  Marine x2  
  39  4:20  Marine  
  42  4:35  Marine x2  
  42  4:36  SCV  
  42  4:37  SCV  
  46  4:51  Supply Depot x2  
  46  5:02  Orbital Command  
  46  5:03  Orbital Command  
  46  5:12  Marine x3  
  49  5:17  Starport Reactor  
  49  5:28  SCV x2  
  51  5:30  Marine x3  
  51  5:33  Siege Tank  
  57  5:40  SCV x2  
  57  5:41  Engineering Bay  
  59  5:43  Supply Depot  
  59  5:48  Marine x3  
  62  5:56  Combat Shield  
  62  6:04  Supply Depot  
  62  6:05  Medivac x2, SCV x2  
  62  6:11  Supply Depot  
  68  6:16  Missile Turret  
  68  6:17  SCV  
  69  6:51  Factory  
  69  6:55  Starport  
  69  7:04  Barracks  
  69  7:05  Barracks  
  69  7:06  Barracks  
  69  7:08  Barracks, Reaper  
  70  7:14  Supply Depot  
  70  7:17  Supply Depot  
  70  7:21  Refinery  
  70  7:25  Refinery  
  70  7:55  Barracks  
  70  7:56  Barracks  
  70  7:58  Medivac x2  
  74  7:59  Siege Tank  
  74  8:00  Marine x2  
  74  8:01  Marine  
  80  8:08  Barracks Reactor  
  80  8:10  Barracks Reactor  
  80  8:11  Barracks Tech Lab  
  80  8:14  Barracks Tech Lab  
  80  8:18  Marine x3  
  82  8:28  Command Center  
  82  8:31  Siege Tank  
  85  8:34  Supply Depot x2  
  85  8:36  Marine  
  85  8:37  Supply Depot  
  70  9:09  Factory Tech Lab  
  70  9:10  Starport Reactor  
  70  9:18  Terran Infantry Weapons Level 1, Engineering Bay  
  61  9:26  Armory  
  61  9:37  Marine x5  
  61  9:38  Marauder x3  
  72  9:41  Marine x3  
  75  9:48  SCV  
  75  9:49  SCV x2  
  78  9:54  Marine  
  78  9:55  Marine x4  
  78  9:59  Marauder, Marine  
  92  10:00  Marauder x2, SCV  
  92  10:01  SCV  
  92  10:05  Barracks Tech Lab  
  93  10:08  Barracks Reactor  
  92  10:18  Orbital Command  
  92  10:21  Marauder  
  94  10:29  Command Center  
  94  10:41  Orbital Command  
  94  11:07  SCV x3  
  97  11:12  Hi-Sec Auto Tracking  
  97  11:19  SCV x3  
  97  11:24  Marine x11  
  111  11:31  SCV x3  
  110  11:43  SCV x2  
  81  11:55  SCV x2  
  58  12:22  Marine  
  46  12:23  Marine x3  
  46  12:26  Marine  
  46  12:29  Marine  
  52  12:41  Marine  
  50  12:52  Command Center  
  50  12:56  Refinery  
  50  12:57  Barracks  
  48  13:00  Refinery  
Show
View Real Time Build Order
Export as new Build Order

evilPutty Zerg - Winner!

Build Orders: Hatch First, Lurkers, Roach Hydra 

Get SALT Encoding   

  12  0:00  Drone  
  13  0:12  Overlord  
  13  0:24  Drone  
  14  0:31  Drone  
  14  0:32  Drone  
  16  0:38  Drone  
  17  0:54  Drone  
  18  1:00  Hatchery  
  18  1:02  Drone  
  18  1:09  Extractor  
  18  1:11  Drone  
  18  1:21  Drone, Spawning Pool  
  18  1:30  Drone  
  19  1:41  Overlord  
  19  2:08  Zergling x4  
  21  2:10  Queen  
  21  2:13  Queen  
  21  2:15  Drone x2  
  27  2:19  Metabolic Boost  
  27  2:24  Drone x2  
  29  2:35  Drone x2  
  31  2:45  Overlord  
  31  2:48  Drone  
  32  2:53  Queen  
  32  2:55  Drone  
  35  3:03  Drone  
  36  3:06  Drone  
  36  3:07  Drone, Hatchery  
  37  3:40  Drone x7  
  44  3:44  Roach Warren  
  44  3:45  Drone  
  44  3:55  Overlord  
  44  3:56  Overlord  
  44  4:03  Extractor  
  44  4:04  Extractor  
  42  4:14  Drone x4  
  46  4:20  Drone  
  46  4:22  Overlord  
  47  4:32  Overlord  
  47  4:34  Drone x7  
  47  4:38  Lair  
  54  4:41  Drone  
  55  4:46  Drone  
  56  4:55  Drone  
  57  5:00  Drone x9  
  65  5:16  Extractor  
  64  5:22  Drone  
  64  5:23  Drone x4  
  64  5:26  Extractor x2  
  67  5:38  Drone x2, Hatchery  
  68  5:52  Drone x2, Evolution Chamber  
  68  5:53  Drone, Evolution Chamber  
  68  5:57  Hydralisk Den  
  68  6:00  Roach  
  68  6:01  Roach x5  
  68  6:04  Overlord x2  
  80  6:05  Overlord  
  80  6:19  Zerg Missile Weapons Level 1  
  80  6:21  Queen x2  
  80  6:23  Spore Crawler  
  80  6:24  Spore Crawler  
  82  6:27  Hydralisk x8, Spore Crawler  
  82  6:28  Hydralisk  
  99  6:43  Overlord  
  99  6:44  Overlord  
  99  6:52  Drone  
  99  6:53  Drone x3  
  103  7:04  Zergling x22  
  103  7:05  Zergling x2  
  115  7:17  Overlord x3  
  115  7:18  Drone x5  
  120  7:36  Glial Reconstitution  
  120  7:37  Overseer  
  120  7:40  Grooved Spines  
  120  7:45  Drone x3, Infestation Pit  
  120  7:47  Drone x10  
  132  8:14  Zerg Ground Armor Level 1  
  132  8:17  Lurker Den, Zerg Missile Weapons Level 2  
  131  8:21  Hive  
  131  8:34  Roach  
  131  8:35  Roach x5  
  131  8:39  Overlord x3  
  135  9:00  Overlord x2  
  130  9:05  Hydralisk  
  130  9:06  Hydralisk x11  
  154  9:12  Overlord  
  154  9:18  Muscular Augments  
  154  9:24  Drone  
  154  9:25  Drone x4  
  159  9:37  Hatchery  
  158  9:42  Drone x2  
  158  9:44  Extractor, Spore Crawler  
  158  9:45  Extractor  
  158  9:46  Spine Crawler  
  158  9:48  Spine Crawler  
  158  9:52  Seismic Spines  
  155  9:59  Lurker x4  
  159  10:01  Zergling x16  
  159  10:02  Zergling x10  
  172  10:22  Zerg Ground Armor Level 2  
  172  10:27  Roach x2  
  176  10:28  Overlord  
  176  10:29  Overlord  
  176  10:30  Overlord x2  
  176  10:41  Zerg Missile Weapons Level 3  
  176  10:42  Hatchery  
  175  10:49  Adaptive Talons  
  175  10:51  Drone x17  
  192  11:07  Overseer  
  192  11:21  Unknown  
  188  11:46  Hydralisk  
  188  11:47  Hydralisk x4  
  198  11:56  Lurker x2  
  158  12:22  Roach  
  158  12:23  Roach x3  
  158  12:24  Overlord  
  158  12:25  Overlord x15  
  162  12:43  Zergling x24  
  162  12:44  Zergling x8  
  152  12:51  Hatchery  
  152  12:53  Hatchery  
  152  12:56  Zergling x8  
  145  13:02  Hatchery  
  139  13:10  Hydralisk x7  
  144  13:35  Roach x8  
  154  14:00  Spawning Pool  
Tags
 
Add a new tag
Caveats
  • Supply blocks, unpowered buildings, or Contaminate may cause inaccurate times.
  • Supply counts are checked every 10 seconds.